 Dungeon Crawl Stone Soup version 0.27-a0-887-gcab673c142 (webtiles) character file.

Game seed: 17010803332349883315

199 srzhan31 the Magician (level 5, -6/35 HPs)
             Began as a Djinni Earth Elementalist on Apr 3, 2021.
             Mangled by an ogre
             ... wielding a +0 giant club
              (17 damage)
             ... on level 3 of the Dungeon.
             The game lasted 00:04:29 (2775 turns).

srzhan31 the Magician (Djinni Earth Elementalist)   Turns: 2775, Time: 00:04:30

Health: -6/35      AC:  2    Str: 13    XL:     5   Next: 77%
Gold:   76         EV: 16    Int: 18    God:
                   SH:  0    Dex: 13

rFire    + + .     SeeInvis .   (no weapon)
rCold    x . .     Faith    .   (no shield)
rNeg     . . .     Spirit   .   c - +0 robe
rPois    ∞         Reflect  .   (no helmet)
rElec    .         Harm     .   (no cloak)
rCorr    .         Rampage  .   (no gloves)
Will     .....                  (boots unavailable)
Stlth    ++........             (no amulet)
HPRegen  0.11/turn              f - +4 ring of evasion
MPRegen  0.00/turn              i - +6 ring of strength

@: sluggish, flying, very slow
A: fire resistance 2, cold vulnerability 1, float, innate caster, hp casting,
extra vitality 1
a: no special abilities


You were on level 3 of the Dungeon.
You visited 1 branch of the dungeon, and saw 3 of its levels.

You collected 76 gold pieces.

Inventory:

Missiles
 b - 29 stones
Armour
 c - a +0 robe (worn)
Magical Staves
 h - a staff of poison
Jewellery
 f - a +4 ring of evasion (left hand)
 i - a +6 ring of strength (right hand)
Scrolls
 a - a scroll of holy word {unknown}
 e - 3 scrolls of amnesia {unknown}
 j - a scroll of magic mapping {unknown}
Potions
 d - a potion of flight {unknown}
 g - a potion of attraction {unknown}


   Skills:
 * Level 0.8 Staves
 * Level 2.5 Dodging
 - Level 1.5 Stealth
 * Level 5.0 Spellcasting
 * Level 0.7 Evocations


You couldn't memorise any spells.
You knew the following spells:

 Your Spells              Type           Power      Damage    Failure   Level
a - Sandblast             Erth           44%        2d11      1%          1
b - Passwall              Tmut/Erth      18%        N/A       2%          2
c - Stone Arrow           Conj/Erth      44%        3d9       4%          3
d - Petrify               Tmut/Erth      22%        N/A       17%         4
e - Lee's Rapid Deconstr  Erth           11%        3d9*      43%         5
f - Pain                  Necr           88%        1d8       1%          1
g - Swiftness             Air            22%        N/A       2%          2
Your spell library was empty.

Dungeon Overview and Level Annotations

Branches:
Dungeon (3/15)

Altars:
Fedhas


Innate Abilities, Weirdness & Mutations

You are immune to poison.
Your flesh is very heat resistant. (rF++)
You are vulnerable to cold. (rC-)
You float through the air rather than walking.
You learn spells naturally, not from books.
Your magical power is your life essence.
You have superior vitality. (+4 HP)


Message History

Press: ? - help, Shift-Dir - straight line, f/p - jackal
Aim: a jackal (almost dead, 36% to evade)
The stone arrow hits the jackal!!
You kill the jackal!
The jackal barely misses you.
Unknown command.
Casting: Stone Arrow (dangerous; 4% risk of failure)
Confirm with . or Enter, or press ? or * to list all spells.
Aiming: Stone Arrow (dangerous; 4% risk of failure)
Press: ? - help, Shift-Dir - straight line, f/p - jackal
Aim: a jackal (almost dead, 36% to evade)
The stone arrow hits the jackal!
You kill the jackal!
You feel sluggish.
Unknown command.
Casting: Stone Arrow (dangerous; 4% risk of failure)
Confirm with . or Enter, or press ? or * to list all spells.
Aiming: Stone Arrow (dangerous; 4% risk of failure)
Press: ? - help, Shift-Dir - straight line, f - ogre
Aim: an ogre, wielding a +0 giant club (14% to evade)
The stone arrow hits the ogre!
The ogre is heavily wounded.
The ogre misses you. The ogre closely misses you.
Casting: Stone Arrow (dangerous; 4% risk of failure)
Confirm with . or Enter, or press ? or * to list all spells.
Aiming: Stone Arrow (dangerous; 4% risk of failure)
Press: ? - help, Shift-Dir - straight line, f/p - ogre
Aim: an ogre, wielding a +0 giant club (moderately wounded, 14% to evade)
The stone arrow misses the ogre.
Unknown command.
Casting: Stone Arrow (dangerous; 4% risk of failure)
Confirm with . or Enter, or press ? or * to list all spells.
Aiming: Stone Arrow (dangerous; 4% risk of failure)
Press: ? - help, Shift-Dir - straight line, f/p - ogre
Aim: an ogre, wielding a +0 giant club (moderately wounded, 14% to evade)
The stone arrow hits the ogre!
The ogre is almost dead.
The ogre hits you with a +0 giant club!
You die...

...#..[......# #######.######
.... ...÷....#### ....
...###.....# #######....
...###..<#.# #.........
.......#.#.# #.......###
#........#.# ##..........
#.#####..#.###########...........
#.# ...#......@O...†...........
#.# ..[.#############...........
#.# ....# ............... #. .##
############... #. .+ ... .. #


You could see an ogre.

Vanquished Creatures
  A necrophage (D:3)
  A bullfrog zombie (D:2)
  A scorpion zombie (D:3)
  2 adders
  An endoplasm (D:3)
  A giant cockroach (D:1)
  2 hobgoblins (D:2)
  4 jackals
  2 quokkas
  4 ball pythons
  5 bats
  4 frilled lizards
  3 goblins
  4 kobolds
  4 rats (D:2)
39 creatures vanquished.

Notes
Turn   | Place    | Note
-------+----------+-------------------------------------------
     0 | D:1      | srzhan31 the Djinni Earth Elementalist began the quest for
                  | the Orb.
     0 | D:1      | Reached XP level 1. HP: 15/15 MP: 0/0
   415 | D:1      | Reached skill level 3 in Spellcasting
   631 | D:1      | Reached XP level 2. HP: 18/21 MP: 0/0
  1116 | D:2      | Found a blossoming altar of Fedhas.
  1426 | D:2      | Reached skill level 4 in Spellcasting
  1426 | D:2      | Reached XP level 3. HP: 14/25 MP: 0/0
  1426 | D:2      | Learned a level 1 spell: Pain
  1833 | D:2      | Reached XP level 4. HP: 27/31 MP: 0/0
  2458 | D:3      | Noticed a necrophage
  2468 | D:3      | Killed a necrophage
  2469 | D:3      | Reached XP level 5. HP: 16/35 MP: 0/0
  2469 | D:3      | Learned a level 2 spell: Swiftness
  2722 | D:3      | Reached skill level 5 in Spellcasting
  2740 | D:3      | Noticed an ogre
  2775 | D:3      | Mangled by an ogre

Illustrated notes

Levels and vault maps discovered:
D:1:      dpeg_arrival_triangle_fractal, layout_loops_cross
D:2:      layout_basic, basic_altar, minmay_lizard_pond
D:3:      layout_basic, tgw_sif, jmf_multi_god_temple,
          ebering_ecumenical_altar_rust, hellmonk_ghost_happy_afterlife,
          uniq_sigmund

Skill      XL: |  1  2  3  4  5 |
---------------+----------------+-----
Spellcasting   | 3 4 5 |  5.0
Staves         | |  0.8
Dodging        | |  2.5
Stealth        | |  1.5
Evocations     | |  0.7

Action                   |  1- 3 |  4- 6 || total
-------------------------+-------+-------++-------
 Cast: Sandblast         |    38 |    20 ||    58
       Pain              |     2 |     2 ||     4
       Stone Arrow       |       |    10 ||    10
       Swiftness         |       |     1 ||     1
Armor: Robe              |     2 |     2 ||     4
Dodge: Dodged            |    11 |     7 ||    18

Table legend: (Time is in decaauts)
 A = Elapsed time spent in this place.
 B = Non-inter-level travel time spent in this place.
 C = Inter-level travel time spent in this place.
 D = Time resting spent in this place.
 E = Time spent auto-exploring this place.
 F = Levels seen in this place.
 G = Mean time per level.
                   A        B        C        D        E       F      G
               +--------+--------+--------+--------+--------+-----+--------+
         Total |   2770 |   2678 |     92 |      0 |   2446 |   3 |  923.3 |
       Dungeon |   2770 |   2678 |     92 |      0 |   2446 |   3 |  923.3 |
               +--------+--------+--------+--------+--------+-----+--------+

Top non-repeatable levels by time:
     D:2: 1254 daAuts
     D:1: 1114 daAuts
     D:3: 402 daAuts
